 Dungeon Crawl Stone Soup version 0.25.1-2-g60ff931df9 (webtiles) character file.

Game seed: 2696427859300787584

27630 Johnny the Earth Mage (level 12, -5/81 HPs)
             Began as a Demigod Earth Elementalist on Oct 19, 2020.
             Slain by a meliai
             ... wielding a +0 hand axe
              (11 damage)
             ... on level 13 of the Dungeon.
             The game lasted 00:20:25 (16708 turns).

Johnny the Earth Mage (Demigod Earth Elementalist) Turns: 16708, Time: 00:20:26

Health: -5/81      AC:  6    Str:  6    XL:     12   Next: 70%
Magic:  13/40      EV: 16    Int: 36    God:
Gold:   692        SH:  5    Dex: 16    Spells: 18/33 levels left

rFire    . . .     SeeInvis .   a - +4 mace (protect)
rCold    . . .     Gourm    .   (no shield)
rNeg     . . .     Faith    .   z - +1 robe "Soxuwiun" {+Fly Str-5 Int+9}
rPois    .         Spirit   .   h - +1 helmet
rElec    .         Reflect  +   S - scarf {repulsion}
rCorr    .         Harm     .   (no gloves)
MR       +....                  y - +0 pair of boots
Stlth    ++........             N - amulet of reflection
HPRegen  0.23/turn              J - ring of magical power
MPRegen  0.27/turn              e - +4 ring of evasion

@: repel missiles
A: high mp 1
a: Evoke Flight


You were on level 13 of the Dungeon.
You were not hungry.

You visited 1 branch of the dungeon, and saw 14 of its levels.

You collected 692 gold pieces.

Inventory:

Hand Weapons
 a - a +4 mace of protection (weapon)
 w - a +0 short sword of electrocution
 C - a +2 short sword of draining
Missiles
 b - 163 stones (quivered)
Armour
 c - a cursed +0 leather armour
 h - a +1 helmet (worn)
 s - a +0 troll leather armour
 y - a +0 pair of boots (worn)
 z - the +1 robe "Soxuwiun" (worn) {+Fly Str-5 Int+9}
   (You found it on level 4 of the Dungeon)

   It affects your strength (-5).
   It affects your intelligence (+9).
   It lets you fly.
 G - a +1 cloak
 S - a scarf of repulsion (worn)
Jewellery
 e - a +4 ring of evasion (right hand)
 l - an uncursed ring of see invisible
 r - an uncursed ring of protection from fire
 u - an uncursed ring of resist corrosion
 J - a ring of magical power (left hand)
 N - an amulet of reflection (around neck)
Wands
 D - a wand of flame (19)
 E - a wand of random effects (17)
 M - a wand of acid (7)
 O - a wand of paralysis (8)
Scrolls
 g - 4 scrolls of immolation
 i - 5 scrolls of teleportation
 k - 3 scrolls of remove curse
 m - 2 scrolls of enchant armour
 n - 5 scrolls of amnesia
 B - a scroll of torment
 F - 2 scrolls of fog
 K - a scroll of blinking
 P - a scroll of identify
 R - a scroll of magic mapping
Potions
 f - 3 potions of degeneration
 j - a potion of mutation
 o - a potion of brilliance
 p - 2 potions of stabbing
 q - 4 potions of curing
 t - 2 potions of lignification
 v - a potion of berserk rage {unknown}
 x - 4 potions of haste
 A - 2 potions of magic {unknown}
 I - 2 potions of cancellation {unknown}
Miscellaneous
 L - a tin of tremorstones (2/3)
Comestibles
 d - 21 rations


   Skills:
 - Level 1.7 Dodging
 - Level 1.7 Stealth
 + Level 11.0 Spellcasting
 - Level 0.8 Transmutations
 * Level 16.0 Earth Magic


You had 18 spell levels left.
You knew the following spells:

 Your Spells              Type           Power        Failure   Level  Hunger
a - Sandblast             Erth           ######       0%          1    None
b - Stone Arrow           Conj/Erth      ######       1%          3    None
c - Lee's Rapid Deconstr  Erth           #######...   1%          5    #......
d - Petrify               Tmut/Erth      ######..     1%          4    None
e - Shroud of Golubria    Chrm/Tloc      ###...       3%          2    None

Your spell library contained the following spells:

 Spells                   Type           Power        Failure   Level  Hunger
 Corona                   Hex            ###....      1%          1    None
 Freeze                   Ice            ###.         1%          1    None
 Infusion                 Chrm           ###.         1%          1    None
 Sting                    Tmut/Pois      ###.         1%          1    None
 Summon Small Mammal      Summ           ###.         1%          1    None
 Passwall                 Tmut/Erth      ######..     1%          2    None
 Call Imp                 Summ           ###.....     3%          2    None
 Ensorcelled Hibernation  Hex/Ice        ###...       3%          2    None
 Poisonous Vapours        Pois/Air       ###...       3%          2    None
 Song of Slaying          Chrm           ###.....     3%          2    None
 Ignite Poison            Fire/Tmut/Pois ###.....     5%          3    None
 Call Canine Familiar     Summ           ###.....     6%          3    None
 Confusing Touch          Hex            ###.....     6%          3    None
 Dazzling Flash           Conj/Hex       ###...       6%          3    None
 Frozen Ramparts          Ice            ###...       6%          3    None
 Mephitic Cloud           Conj/Pois/Air  ###.....     6%          3    None
 Ozocubu's Armour         Chrm/Ice       ###.....     6%          3    None
 Spectral Weapon          Hex/Chrm       ###.....     6%          3    None
 Summon Guardian Golem    Hex/Summ       ###.....     6%          3    None
 Tukima's Dance           Hex            ###.....     6%          3    None
 Hailstorm                Conj/Ice       ###.....     21%         4    None
 Olgreb's Toxic Radiance  Pois           ###.....     21%         4    None
 Summon Ice Beast         Ice/Summ       ###.....     21%         4    None
 Summon Lightning Spire   Summ/Air       ###.....     21%         4    None


Dungeon Overview and Level Annotations

Branches:
Dungeon (14/15)            Temple (0/1) D:5            Lair (0/6) D:9
    Orc (0/2) D:9          Vaults (0/5) D:13

Annotations:
D:13 3 runed translucent doors, Rafaota's ghost, journeyman OpEE


Innate Abilities, Weirdness & Mutations

You have an increased reservoir of magic. (+10% MP)


Message History

Confirm with . or Enter, or press ? or * to list all spells.
Aiming: Lee's Rapid Deconstruction (safe; 1% risk of failure)
Press: ? - help, Dir - move target cursor A rock wall.
Okay, then.
Casting: Lee's Rapid Deconstruction (safe; 1% risk of failure)
Confirm with . or Enter, or press ? or * to list all spells.
Aiming: Lee's Rapid Deconstruction (safe; 1% risk of failure)
Press: ? - help, Dir - move target cursor A rock wall.
The wall shatters!
The blast of rock fragments hits the meliai!!
The meliai is almost dead.
You hear a loud, deep croak!
The meliai misses you. The meliai stings you!
* * * LOW HITPOINT WARNING * * *
The meliai hits you with a +0 hand axe!
* * * LOW HITPOINT WARNING * * *
The meliai barely misses you. The meliai hits you with a +0 hand axe!
You die...

.....####..........
#...## ##.#.......
##'### ##.........
.....####..#####'####
#...#.##...# #....
......#....# #.)..
..∩...'....## #...
......#.....####y#
#...#.##.......y@#
..[[.####..#...#(#
##'### ##.......#
#...## ##.......#
.....####..#######
......##.........
.................
.#######......... .#
#.#.......


You could see 2 meliai.

Vanquished Creatures
  4 vault guards (D:13)
  2 hydras
  4 centaur warriors (D:13)
  2 two-headed ogres
  The ghost of Drachen the Fighter, a novice DgGl (D:8)
  An obsidian statue (D:10)
  3 unseen horrors
  An orange crystal statue (D:10)
  A deep elf mage (D:12)
  A cyclops (D:13)
  3 ugly things
  3 centaur zombies
  4 meliai (D:13)
  2 trolls
  A queen bee (D:8)
  4 hippogriffs
  A shadow (D:12)
  A vampire (D:12)
  9 yaks
  2 wraiths (D:13)
  A hungry ghost (D:9)
  2 basilisks
  A steam dragon (D:9)
  Grum (D:9)
  A soldier ant (D:10)
  2 acid dragons (D:12)
  2 water moccasins
  A porcupine (D:9)
  5 ice beasts
  An eye of draining (D:11)
  3 sky beasts
  5 black bears
  7 orc warriors
  8 ogres
  3 wolves (D:9)
  A necrophage (D:10)
  4 phantoms
  9 centaurs
  A crocodile (D:12)
  A big kobold (D:9)
  2 bullfrogs (D:12)
  A wyvern zombie (D:7)
  6 scorpions
  A water moccasin skeleton (D:11)
  19 killer bees
  8 wights
  A howler monkey (D:8)
  3 crimson imps
  4 hounds
  2 quasits
  6 orc priests
  Crazy Yiuf (D:2)
  7 jellies
  12 orc wizards
  2 bullfrog skeletons
  3 centaur skeletons
  Natasha (thrice) (D:2)
  Terence (D:2)
  7 iguanas
  17 worker ants
  A worker ant zombie (D:5)
  A howler monkey skeleton (D:9)
  9 adders
  2 shadow imps
  An adder zombie (D:7)
  6 worms
  3 adder skeletons
  2 dart slugs (D:1)
  4 leopard geckos
  49 orcs
  4 giant cockroaches
  11 goblins
  5 hobgoblins
  11 jackals
  7 kobolds
  5 quokkas
  3 ball pythons
  7 bats
  4 frilled lizards
  A quokka skeleton (D:5)
  6 rats
357 creatures vanquished.

Vanquished Creatures (others)
  A draconian (D:1)
  An octopode (D:1)
  A formicid (D:1)
  A spriggan (D:1)
  A vampire (D:1)
  A human (D:1)
  2 nagas (D:1)
  3 ogres (D:1)
  A centaur (D:6)
  A mummy (D:1)
  A leopard gecko (D:6)
  4 orcs
  6 tentacles (D:1)
24 creatures vanquished.

Grand Total: 381 creatures vanquished

Notes
Turn   | Place    | Note
-------+----------+-------------------------------------------
     0 | D:1      | Johnny the Demigod Earth Elementalist began the quest for
                  | the Orb.
     0 | D:1      | Reached XP level 1. HP: 14/14 MP: 5/5
     2 | D:1      | Noticed an ogre
     2 | D:1      | Noticed a draconian
     2 | D:1      | Noticed a naga
     2 | D:1      | Noticed an ogre
     2 | D:1      | Noticed an octopode
     2 | D:1      | Noticed a naga
     2 | D:1      | Noticed a kraken
     2 | D:1      | Noticed a formicid
     2 | D:1      | Noticed a human
     2 | D:1      | Noticed a vampire
     2 | D:1      | Noticed an ogre
     2 | D:1      | Noticed a spriggan
     3 | D:1      | Killed a naga
     3 | D:1      | Killed an octopode
     4 | D:1      | Killed a vampire
     5 | D:1      | Killed a naga
     5 | D:1      | Killed an ogre
     5 | D:1      | Killed a formicid
     6 | D:1      | Killed a spriggan
     7 | D:1      | Killed a draconian
     8 | D:1      | Killed an ogre
     9 | D:1      | Killed a human
    10 | D:1      | Killed an ogre
   105 | D:1      | Reached skill level 3 in Earth Magic
   269 | D:1      | Reached XP level 2. HP: 17/20 MP: 4/7
   826 | D:2      | Noticed Natasha
   837 | D:2      | Killed Natasha
   837 | D:2      | Reached XP level 3. HP: 20/26 MP: 0/9
   960 | D:2      | Noticed Terence
   995 | D:2      | Reached skill level 4 in Earth Magic
  1341 | D:2      | Killed Terence
  1341 | D:2      | Reached XP level 4. HP: 25/33 MP: 0/10
  1412 | D:2      | Noticed Natasha
  1417 | D:2      | Killed Natasha
  1473 | D:2      | Noticed Natasha
  1514 | D:2      | Killed Natasha
  1925 | D:2      | Found a shadowy altar of Dithmenos.
  1941 | D:2      | Reached XP level 5. HP: 38/38 MP: 12/12
  2241 | D:2      | Found a runed translucent door.
  2242 | D:2      | Noticed Crazy Yiuf
  2251 | D:2      | Killed Crazy Yiuf
  2352 | D:3      | Reached skill level 5 in Earth Magic
  3578 | D:4      | Reached XP level 6. HP: 42/45 MP: 9/14
  3935 | D:4      | Reached skill level 6 in Earth Magic
  4040 | D:4      | Found an ancient bone altar of Kikubaaqudgha.
  4055 | D:4      | Got an opalescent robe
  4386 | D:5      | Entered Level 5 of the Dungeon
  4431 | D:5      | Learned a level 3 spell: Stone Arrow
  4437 | D:5      | Learned a level 5 spell: Lee's Rapid Deconstruction
  4442 | D:5      | Learned a level 4 spell: Petrify
  4556 | D:5      | Reached XP level 7. HP: 34/50 MP: 13/16
  4924 | D:5      | Found a glowing golden altar of the Shining One.
  5088 | D:5      | Reached skill level 7 in Earth Magic
  5379 | D:5      | Found a staircase to the Ecumenical Temple.
  5600 | D:6      | Found a radiant altar of Vehumet.
  5911 | D:6      | Reached XP level 8. HP: 57/57 MP: 17/19
  5940 | D:6      | Found an ornate altar of the Wu Jian Council.
  5946 | D:6      | Noticed a hippogriff
  5960 | D:6      | Killed a hippogriff
  5960 | D:6      | Reached skill level 5 in Spellcasting
  5960 | D:6      | Reached skill level 8 in Earth Magic
  6319 | D:6      | Identified the +1 robe "Soxuwiun" {+Fly Str-5 Int+9} (You
                  | found it on level 4 of the Dungeon)
  6440 | D:6      | Found a basalt altar of Yredelemnul.
  6502 | D:6      | Found a sparkling altar of Nemelex Xobeh.
  6508 | D:6      | Reached skill level 9 in Earth Magic
  6526 | D:6      | You fall into a shaft and drop 1 floor!
  6768 | D:6      | Found a white marble altar of Elyvilon.
  7543 | D:7      | Found a hazy altar of Hepliaklqana.
  7545 | D:7      | Found a stormy altar of Qazlal.
  7547 | D:7      | Found a shimmering altar of Xom.
  7883 | D:7      | Noticed a hippogriff
  7888 | D:7      | Killed a hippogriff
  7888 | D:7      | Reached XP level 9. HP: 50/62 MP: 10/22
  8084 | D:7      | Learned a level 2 spell: Shroud of Golubria
  8442 | D:8      | Found a runed translucent gate.
  8442 | D:8      | Found a runed translucent gate.
  8485 | D:8      | Noticed Drachen's ghost (novice DgGl)
  8486 | D:8      | Found a runed translucent gate.
  8524 | D:8      | Reached skill level 10 in Earth Magic
  8748 | D:8      | Found an opulent altar of Gozag.
  9307 | D:8      | Found a hide-covered altar of Uskayaw.
  9544 | D:8      | Reached skill level 11 in Earth Magic
  9644 | D:8      | Killed Drachen's ghost
  9652 | D:8      | Reached XP level 10. HP: 66/69 MP: 9/25
 10566 | D:9      | Noticed Grum
 10917 | D:9      | Reached skill level 12 in Earth Magic
 10965 | D:9      | Noticed a two-headed ogre
 10971 | D:9      | Killed a two-headed ogre
 11155 | D:9      | Killed Grum
 11284 | D:9      | Found a staircase to the Orcish Mines.
 11678 | D:9      | Found a staircase to the Lair.
 11722 | D:10     | Entered Level 10 of the Dungeon
 12124 | D:10     | Noticed an obsidian statue
 12127 | D:10     | Killed an obsidian statue
 12470 | D:10     | Reached skill level 13 in Earth Magic
 12674 | D:10     | Noticed an orange crystal statue
 12676 | D:10     | Killed an orange crystal statue
 12676 | D:10     | Reached XP level 11. HP: 74/74 MP: 26/28
 13591 | D:11     | Noticed a seven-headed hydra
 13600 | D:11     | Killed a seven-headed hydra
 13897 | D:12     | Noticed a five-headed hydra
 13904 | D:12     | Killed a five-headed hydra
 14114 | D:12     | Killed an unseen horror
 14129 | D:12     | Reached skill level 14 in Earth Magic
 14359 | D:12     | Killed an unseen horror
 15292 | D:13     | Noticed a centaur warrior
 15294 | D:13     | Reached skill level 10 in Spellcasting
 15295 | D:13     | Killed a centaur warrior
 15437 | D:13     | Found a runed translucent gate.
 15437 | D:13     | Found a runed translucent gate.
 15437 | D:13     | Found a runed translucent gate.
 15437 | D:13     | Noticed Rafaota's ghost (journeyman OpEE)
 15441 | D:13     | Noticed a fire dragon
 15443 | D:13     | Noticed a centaur warrior
 15452 | D:13     | Reached XP level 12. HP: 79/81 MP: 30/30
 15461 | D:13     | Killed a centaur warrior
 15462 | D:13     | Reached skill level 15 in Earth Magic
 15754 | D:13     | Noticed a vault guard
 15755 | D:13     | Noticed a vault guard
 15757 | D:13     | Noticed a vault guard
 15758 | D:13     | Killed a vault guard
 15761 | D:13     | Noticed a vault guard
 15770 | D:13     | Killed a vault guard
 15777 | D:14     | Noticed a centaur warrior
 15784 | D:13     | HP: 1/81 [meliai/divine providence (15)]
 16162 | D:13     | Killed a vault guard
 16368 | D:13     | Killed a centaur warrior
 16475 | D:13     | Killed a vault guard
 16639 | D:13     | Found a gate to the Vaults.
 16693 | D:13     | Noticed a centaur warrior
 16696 | D:13     | Killed a centaur warrior
 16696 | D:13     | Reached skill level 16 in Earth Magic
 16706 | D:13     | HP: 4/81 [meliai/divine providence (13)]
 16708 | D:13     | Slain by a meliai

Illustrated notes

Levels and vault maps discovered:
D:1:      nicolae_arrival_kraken_aquarium_b, layout_rooms,
          minmay_misc_feat_secret_circle
D:2:      layout_rooms, lemuel_doored_altar, uniq_natasha,
          uniq_crazy_yiuf_cottage, uniq_terence
D:3:      layout_basic, serial_corexii_hall, corexii_hall_statues_i,
          corexii_hall_statues_i
D:4:      cheibrodos_quashed, layout_loops_cross, overflow_temple_1_default,
          first_ration
D:5:      layout_basic, tso_altar, minmay_temple_entry_statues
D:6:      layout_basic, kennysheep_ying_yang, nemelex_xobeh_ov_fountains_minmay,
          nicolae_overflow_hidden_temple, fiery_altar_vehumet,
          grunt_ministairs_1
D:7:      layout_basic, gammafunk_temple_overflow_forgotten, serial_glass,
          glass_columns_c, glass_columns_a
D:8:      layout_loops_ring, grunt_gozag_statues,
          nicolae_overflow_crystal_walls, gammafunk_ghost_split, david_nohive_1
D:9:      minmay_bubble_buster, layout_irregular_city,
          grunt_lair_entry_orc_guard_hut, orc_0_dummy, uniq_grum
D:10:     minmay_separated_statues, layout_long_grid
D:11:     layout_cross, nicolae_lava_and_water
D:12:     layout_small_grid
D:13:     layout_stronghold, lightli_vaults_fourway_checkpoint,
          gammafunk_ghost_split, serial_shops, shop_fountains, uniq_erolcha
D:14:     layout_long_grid, serial_park_tiny_1, nicolae_ru_path_of_blood

Skill      XL: |  1  2  3  4  5  6  7  8  9 10 11 12 |
---------------+-------------------------------------+-----
Spellcasting   | 2 3 4 6 7 8 10 11 | 11.0
Earth Magic    | 3 4 5 6 7 9 11 13 14 16 | 16.0
Dodging        | |  1.7
Stealth        | |  1.7
Transmutations | |  0.8

Action                   |  1- 3 |  4- 6 |  7- 9 | 10-12 || total
-------------------------+-------+-------+-------+-------++-------
Melee: Mace              |    94 |   185 |   176 |   159 ||   614
 Cast: Sandblast         |    29 |    55 |    74 |    75 ||   233
       Stone Arrow       |       |       |    27 |   113 ||   140
       Lee's Rapid Decon |       |       |    11 |    98 ||   109
       Petrify           |       |       |       |     3 ||     3
Evoke: Wand              |       |       |     4 |     3 ||     7
       Tin of tremorston |       |       |       |     1 ||     1
  Use: Scroll            |       |     7 |     5 |    13 ||    25
       Potion            |       |       |       |     2 ||     2
 Stab: Sleeping          |       |     4 |     1 |     1 ||     6
       Distracted        |       |       |     1 |       ||     1
  Eat: Chunk             |     1 |    11 |    15 |    22 ||    49
       Ration            |       |       |     1 |     2 ||     3
Armor: Robe              |    46 |   116 |    98 |   101 ||   361
Dodge: Dodged            |   115 |   210 |   251 |   285 ||   861
       Repelled          |       |       |       |     7 ||     7
Block: Other             |       |       |       |    29 ||    29
       Reflection        |       |       |       |     3 ||     3
